[Event "Tuesday 16 January Rapid Engine Tour 12+1 Rounds 9 Starts 1600 ST"]
[Site "Infinity Chess"]
[Date "2018.1.16"]
[Round "1"]
[White "Longin"]
[Black "Eman"]
[Result "1/2-1/2"]
[ECO "D31"]
[WhiteElo "2424"]
[BlackElo "2470"]
[WhiteEngine "S_XPrO.251117.x64.POPCNT_CTG"]
[BlackEngine "Eman 1.62 64-bit POPCNT"]
[EventType "Swiss"]
[WhiteTeam ""]
[BlackTeam ""]
[PlyCount "68"]
[TimeControl "720+1"]

1. d4 d5 2. c4 e6 3. Nc3 c6 4. Nf3 Nf6 5. Bg5 h6 6. Bxf6 Qxf6 7. e3 g6 
8. Bd3 Nd7 9. O-O dxc4 10. Bxc4 Bg7 11. e4 e5 12. d5 Nb6 13. Bb3 Bg4 
14. Re1 Bxf3 15. Qxf3 Qxf3 16. gxf3 O-O 17. dxc6 bxc6 18. Rac1 Rfc8 19. Na4 Bf8 
20. Re3 c5 21. Rec3 Nxa4 22. Bxa4 Rab8 23. R1c2 c4 24. Rxc4 Rxc4 25. Rxc4 Rxb2 
26. Bb3 Be7 27. Rc8+ Kg7 28. Rc7 Bh4 29. Rxf7+ Kh8 30. Kg2 Bxf2 31. Rf8+ Kh7 
32. Rf7+ Kh8 33. Rf8+ Kg7 34. Rf7+ Kh8 1/2-1/2

[Event "Tuesday 16 January Rapid Engine Tour 12+1 Rounds 9 Starts 1600 ST"]
[Site "Infinity Chess"]
[Date "2018.1.16"]
[Round "1"]
[White "Thor"]
[Black "Satria_Ungu"]
[Result "1/2-1/2"]
[ECO "C20"]
[WhiteElo "2473"]
[BlackElo "2426"]
[WhiteEngine "BrainFish_180113_x64_bmi2"]
[BlackEngine "Houdini 6"]
[EventType "Swiss"]
[WhiteTeam ""]
[BlackTeam ""]
[PlyCount "82"]
[TimeControl "720+1"]

1. e4 e5 2. h3 Nf6 3. Nc3 Bb4 4. a3 Ba5 5. Nf3 O-O 6. Bc4 Bxc3 7. dxc3 d6 
8. Qe2 Nbd7 9. Bd3 b6 10. Be3 Nc5 11. Bxc5 bxc5 12. O-O Qe8 13. Nd2 Rb8 
14. b4 Be6 15. Bc4 Bxc4 16. Qxc4 Qa4 17. Qd3 g6 18. Nc4 Qc6 19. f3 Nh5 
20. Ne3 Nf4 21. Qc4 Ne6 22. a4 Kg7 23. Nd5 Qd7 24. b5 f5 25. exf5 Rxf5 
26. Rfe1 Rbf8 27. Rad1 Qf7 28. Qe4 Rg5 29. a5 Qd7 30. g4 Nf4 31. Nxf4 Rxf4 
32. Qb7 h5 33. Rd2 hxg4 34. fxg4 e4 35. Rxe4 Rgxg4+ 36. hxg4 Qxg4+ 37. Rg2 Qd1+ 
38. Kh2 Qh5+ 39. Kg1 Qd1+ 40. Kh2 Qh5+ 41. Kg1 Qd1+ 1/2-1/2

[Event "Tuesday 16 January Rapid Engine Tour 12+1 Rounds 9 Starts 1600 ST"]
[Site "Infinity Chess"]
[Date "2018.1.16"]
[Round "1"]
[White "KULLANI"]
[Black "angriff"]
[Result "1/2-1/2"]
[ECO "B00"]
[WhiteElo "2428"]
[BlackElo "2473"]
[WhiteEngine "BrainFish_180106_x64_CTG"]
[BlackEngine "Raubfisch ME262_GTZ16b1_CTG"]
[EventType "Swiss"]
[WhiteTeam ""]
[BlackTeam ""]
[PlyCount "69"]
[TimeControl "720+1"]

1. e4 Nc6 2. Nf3 e5 3. Bc4 Bc5 4. c3 Nf6 5. d3 O-O 6. O-O d6 7. Bb3 a5 8. a4 h6 
9. h3 d5 10. exd5 Nxd5 11. Na3 Re8 12. Nc4 Nf6 13. Be3 Bxe3 14. fxe3 e4 
15. Nd4 exd3 16. Qxd3 Be6 17. Rad1 Nxd4 18. exd4 c6 19. Rde1 b5 20. Nd2 Bxb3 
21. Nxb3 bxa4 22. Nc5 Rxe1 23. Rxe1 Rb8 24. Qc2 a3 25. bxa3 Nd5 26. c4 Nf6 
27. Qf2 Qd6 28. Rf1 Re8 29. Qf4 Qxf4 30. Rxf4 Re3 31. Rf3 Re1+ 32. Rf1 Re3 
33. Rf3 Re1+ 34. Rf1 Re3 35. Rf3 1/2-1/2

[Event "Tuesday 16 January Rapid Engine Tour 12+1 Rounds 9 Starts 1600 ST"]
[Site "Infinity Chess"]
[Date "2018.1.16"]
[Round "1"]
[White "Vimtiroba"]
[Black "hafaba"]
[Result "1/2-1/2"]
[ECO "B00"]
[WhiteElo "2481"]
[BlackElo "2433"]
[WhiteEngine "Corchess 2.0_CTG"]
[BlackEngine "Stockfish SL 07012018 POPCNT_CTG"]
[EventType "Swiss"]
[WhiteTeam ""]
[BlackTeam ""]
[PlyCount "121"]
[TimeControl "720+1"]

1. e4 Nc6 2. d4 d5 3. e5 Bf5 4. c3 e6 5. Nf3 f6 6. Bb5 Nge7 7. exf6 gxf6 
8. Nh4 Bg6 9. O-O Qd7 10. Nd2 Nf5 11. Ndf3 O-O-O 12. Nxf5 Bxf5 13. Nh4 Be4 
14. Bf4 Rg8 15. f3 Bg6 16. Re1 a6 17. Ba4 Bd6 18. Qd2 Kb8 19. Bxd6 Qxd6 
20. Bxc6 Qxc6 21. Re3 Be8 22. Rae1 Bd7 23. g3 h5 24. a3 Rde8 25. f4 Qb6 
26. Ng2 Rg4 27. b4 Rh8 28. Kh1 Qc6 29. Ra1 Re8 30. a4 e5 31. b5 Qc4 
32. bxa6 Qxa6 33. dxe5 fxe5 34. Rae1 Qc4 35. Qe2 Qc6 36. Rxe5 Rh8 37. Qb5 h4 
38. Qxc6 Bxc6 39. Kg1 hxg3 40. h4 Rgxh4 41. Nxh4 Rxh4 42. Kg2 Rxf4 43. Kxg3 Rxa4 
44. Rd1 b5 45. Kf2 Rc4 46. Rd3 Ka7 47. Rg5 Bb7 48. Ke1 c6 49. Kd2 Kb6 
50. Rd4 Rxd4+ 51. cxd4 b4 52. Rg7 Ba6 53. Rg8 Bb5 54. Rb8+ Kc7 55. Rg8 Ba6 
56. Rf8 Kb6 57. Rb8+ Ka5 58. Ra8 Kb6 59. Rb8+ Ka5 60. Ra8 Kb6 61. Rb8+ 1/2-1/2

[Event "Tuesday 16 January Rapid Engine Tour 12+1 Rounds 9 Starts 1600 ST"]
[Site "Infinity Chess"]
[Date "2018.1.16"]
[Round "1"]
[White "ivrdurant"]
[Black "THE_MACHINE"]
[Result "1/2-1/2"]
[ECO "C55"]
[WhiteElo "2434"]
[BlackElo "2488"]
[WhiteEngine "Raubfisch X37b1._CTG"]
[BlackEngine "Houdini 6"]
[EventType "Swiss"]
[WhiteTeam ""]
[BlackTeam ""]
[PlyCount "103"]
[TimeControl "720+1"]

1. e4 e5 2. Nf3 Nc6 3. Bc4 Nf6 4. d3 Bc5 5. c3 a5 6. O-O d6 7. Bg5 O-O 8. h3 h6 
9. Bh4 g5 10. Bg3 Nh5 11. d4 Nxg3 12. fxg3 Ba7 13. Kh2 g4 14. Nh4 exd4 
15. Nf5 Kh7 16. Qxg4 Qg5 17. Qxg5 hxg5 18. Nd2 a4 19. Nf3 Bxf5 20. Nxg5+ Kg8 
21. exf5 Ne5 22. Be2 d3 23. Bh5 Be3 24. Ne4 f6 25. Rae1 Bh6 26. h4 Ra5 
27. b4 axb3 28. axb3 Kg7 29. g4 Rh8 30. Kg3 d2 31. Rd1 Rd5 32. g5 Bxg5 
33. hxg5 Rxh5 34. gxf6+ Kf7 35. Rxd2 Rxd2 36. Nxd2 Rg5+ 37. Kh3 Rh5+ 
38. Kg3 Rg5+ 39. Kh2 d5 40. Nf3 Nxf3+ 41. Rxf3 Kxf6 42. Kh3 Rxf5 43. Kg4 Rxf3 
44. Kxf3 c5 45. Kf4 Ke6 46. g4 Kf6 47. Ke3 Kg5 48. b4 Kxg4 49. bxc5 Kf5 
50. Kd4 Ke6 51. Kd3 Kd7 52. Kd4 1/2-1/2

[Event "Tuesday 16 January Rapid Engine Tour 12+1 Rounds 9 Starts 1600 ST"]
[Site "Infinity Chess"]
[Date "2018.1.16"]
[Round "1"]
[White "Harry_Potter"]
[Black "Ninja_Bp"]
[Result "1/2-1/2 "]
[ECO "A20"]
[WhiteElo "2497"]
[BlackElo "2445"]
[WhiteEngine "Stockfish_18011309_x64_bmi2_CTG"]
[BlackEngine "Houdini 6"]
[EventType "Swiss"]
[WhiteTeam ""]
[BlackTeam ""]
[PlyCount "315"]
[TimeControl "720+1"]

1. c4 e5 2. g3 Nf6 3. Nc3 Bb4 4. Bg2 O-O 5. e4 d6 6. Nge2 Nc6 7. d3 Bc5 
8. O-O Bg4 9. h3 Bxe2 10. Nxe2 h6 11. Nc3 a5 12. Kh2 Nd4 13. f4 c6 14. f5 b5 
15. h4 bxc4 16. dxc4 Kh7 17. g4 Rh8 18. Na4 Qe7 19. g5 hxg5 20. Bxg5 Rab8 
21. Rc1 Bb6 22. Rc3 Bd8 23. Kh1 Kg8 24. Rh3 Qc7 25. Be3 Nh5 26. Rf2 Bf6 
27. Qg4 Rh7 28. Nc3 Kh8 29. Bf3 Rg8 30. Rg2 Qb6 31. b3 Qd8 32. Bd2 Nf4 
33. Bxf4 exf4 34. Qxf4 Nxb3 35. axb3 Bxc3 36. h5 Rh6 37. Ra2 Be5 38. Qe3 Re8 
39. Qd2 Qb6 40. Bg2 Ra8 41. Bf1 c5 42. Kg2 Bd4 43. Be2 Qb7 44. Qd3 Qe7 
45. Bd1 Re8 46. Qf3 Qg5+ 47. Qg3 Qc1 48. Qg4 Kh7 49. Rc2 Qb1 50. Qe2 Kg8 
51. Qd3 Rf6 52. Rh4 Kh7 53. Rh1 Qa1 54. Rd2 Rb8 55. Be2 Qa3 56. Bd1 Re8 
57. Qf3 Qc1 58. Re2 Rh6 59. Bc2 Qg5+ 60. Qg3 Qf6 61. Qh4 Qxh4 62. Rxh4 Kg8 
63. Rh3 Kf8 64. Bd1 Re5 65. Kf3 g6 66. Kf4 gxh5 67. Reh2 Rh8 68. Rxh5 Rxh5 
69. Rxh5 Re8 70. Rh7 Kg8 71. Rh3 Kg7 72. Rh4 Rb8 73. Rh3 Bb2 74. Ke3 Rd8 
75. Kd3 Bd4 76. Kd2 Re8 77. Bc2 Kf6 78. Rh6+ Ke5 79. Rh7 f6 80. Ke2 Kf4 
81. Rh4+ Kg3 82. Rh6 Re7 83. Bd3 Kg4 84. Bc2 Ra7 85. Rh1 Rg7 86. Rf1 Re7 
87. Kd3 Rh7 88. Bd1+ Kg5 89. Be2 Rh8 90. Rf3 Rb8 91. Kd2 Rd8 92. Bd1 Re8 
93. Kd3 Re7 94. Rf1 Rg7 95. Rf3 Rh7 96. Be2 Re7 97. Rf1 Rd7 98. Kd2 Rb7 
99. Bd1 Rh7 100. Be2 Rh3 101. Rf3 Rh4 102. Kd3 Bb2 103. Ke3 Be5 104. Kd3 Rh2 
105. Rf1 Bd4 106. Rf3 Rh8 107. Rf1 Re8 108. Rf3 Kg4 109. Bd1 Re7 110. Be2 Rb7 
111. Bd1 Rxb3+ 112. Bxb3 Kxf3 113. Ba4 Kf4 114. Bc6 Kg5 115. Bd7 Bg1 
116. Bb5 Kf4 117. Be8 Bh2 118. Bc6 Bg3 119. Ba4 Ke5 120. Bd7 Bf4 121. Ba4 Bh6 
122. Bd7 Kf4 123. Ba4 Kg5 124. Bc6 Kh4 125. Ke2 Bc1 126. Bb5 Bg5 127. Kd3 Kg3 
128. Be8 Kf2 129. Bc6 Bh6 130. Bb5 Kg3 131. Bc6 Kg4 132. Ke2 Bf4 133. Kd3 Bg3 
134. Ke3 Be1 135. Ke2 Bc3 136. Kd3 Be5 137. Bb5 Kf4 138. Be8 Ba1 139. Bc6 Kg5 
140. Bb5 Be5 141. Ba4 Bh2 142. Bc6 Kf4 143. Be8 Bg1 144. Bb5 Kg5 145. Bc6 Bh2 
146. Ba4 Bg3 147. Bb3 Kh6 148. Ba4 Bh4 149. Ke3 Bg5+ 150. Ke2 Kh5 151. Kd3 Kg4 
152. Be8 Kf3 153. Bc6 Kf4 154. Ba4 Bh6 155. Bd1 Kg3 156. Ba4 Bf8 157. Bb3 Kf4 
158. Bd1 1/2-1/2

[Event "Tuesday 23 January Rapid Engine Tour 12+1 Rounds 9 Starts 1600 ST"]
[Site "Infinity Chess"]
[Date "2018.1.23"]
[Round "9"]
[White "BraveDevil"]
[Black "Ninja_Bp"]
[Result "1/2-1/2 "]
[ECO "C77"]
[WhiteElo "2389"]
[BlackElo "2419"]
[WhiteEngine "Cryptic AIL V2"]
[BlackEngine "Houdini 6_CTG"]
[EventType "Swiss"]
[WhiteTeam ""]
[BlackTeam ""]
[PlyCount "197"]
[TimeControl "720+1"]

1. e4 e5 2. Nf3 Nc6 3. Bb5 a6 4. Ba4 Nf6 5. O-O Be7 6. d3 d6 7. c3 O-O 8. h3 b5 
9. Bc2 d5 10. Nbd2 Re8 11. a4 b4 12. Re1 dxe4 13. dxe4 Bc5 14. a5 h6 15. Qe2 Bd7 
16. Nc4 bxc3 17. bxc3 Qe7 18. Rd1 Rab8 19. Be3 Bc8 20. Ne1 Bb7 21. Nd2 Red8 
22. Nd3 Bxe3 23. Qxe3 Nh5 24. Nf3 Ba8 25. Kh2 Rdc8 26. Qc5 Qe6 27. Qe3 Qe7 
28. Nc5 Rb5 29. Nxa6 Nf6 30. Nb4 Nxb4 31. cxb4 Rxb4 32. a6 c5 33. Rdb1 Nd7 
34. Qc3 Rxb1 35. Bxb1 c4 36. Kg1 Rc7 37. Bd3 Qd6 38. Be2 Bxe4 39. Nd2 Bd3 
40. a7 Rxa7 41. Rxa7 Bxe2 42. Nxc4 Qc6 43. Qd2 Bxc4 44. Rxd7 Qg6 45. Qe3 f6 
46. Qf3 Kh7 47. Kh2 Be6 48. Rc7 h5 49. h4 Bf5 50. Qg3 Qh6 51. Rb7 Be4 
52. Re7 Bb1 53. Ra7 Qg6 54. Qxg6+ Kxg6 55. f3 Kh6 56. Ra6 Kg6 57. g4 e4 
58. Ra5 exf3 59. Rxh5 f5 60. Rg5+ Kf6 61. Kg3 fxg4 62. Rxg4 f2 63. Kxf2 Bf5 
64. Rd4 g5 65. h5 Kg7 66. Rd6 Bc2 67. Kf3 g4+ 68. Kxg4 Bb1 69. Kg5 Bc2 
70. Rd7+ Kh8 71. Rd6 Kg7 72. Rd7+ Kh8 73. Rd5 Kg8 74. Rb5 Be4 75. Ra5 Bb1 
76. Ra6 Bc2 77. Ra5 Bb1 78. Ra7 Be4 79. Kh4 Bd3 80. Kg4 Bb1 81. Kh4 Bd3 
82. Ra8+ Kg7 83. Kg4 Be4 84. Ra7+ Kh6 85. Ra1 Bd3 86. Rh1 Be2+ 87. Kf5 Bd3+ 
88. Kf4 Bc2 89. Kg4 Bb3 90. Re1 Ba2 91. Re3 Bb1 92. Re6+ Kh7 93. Re1 Bd3 
94. Re7+ Kh8 95. Re5 Kg7 96. Re7+ Kh8 97. Rd7 Bb1 98. Rd8+ Kh7 99. Rd2 1/2-1/2

[Event "Tuesday 23 January Rapid Engine Tour 12+1 Rounds 9 Starts 1600 ST"]
[Site "Infinity Chess"]
[Date "2018.1.23"]
[Round "9"]
[White "OlivierEvan"]
[Black "Eman"]
[Result "1/2-1/2"]
[ECO "C55"]
[WhiteElo "2391"]
[BlackElo "2450"]
[WhiteEngine "Houdini 6"]
[BlackEngine "Eman 1.67 64-bit POPCNT"]
[EventType "Swiss"]
[WhiteTeam ""]
[BlackTeam ""]
[PlyCount "94"]
[TimeControl "720+1"]

1. e4 e5 2. Nf3 Nc6 3. Bc4 Nf6 4. d3 Bc5 5. O-O a5 6. c3 d6 7. Bg5 O-O 8. a4 h6 
9. Bh4 g5 10. Bg3 Kg7 11. Na3 Ne7 12. Nc2 Bb6 13. Bb3 Ng6 14. Ne3 Bxe3 
15. fxe3 Nh5 16. Be1 g4 17. Nd2 Qg5 18. Qe2 Nf6 19. Bc2 h5 20. b4 h4 21. Nb3 g3 
22. h3 Ng4 23. hxg4 Bxg4 24. Qd2 f5 25. exf5 Rxf5 26. Rxf5 Qxf5 27. d4 e4 
28. Bxg3 hxg3 29. Qe1 Nf4 30. exf4 Qxf4 31. Bxe4 Re8 32. Nd2 d5 33. Nf1 Rxe4 
34. Qxg3 Qxg3 35. Nxg3 Re3 36. Kf2 Rxc3 37. bxa5 Kf6 38. Nf1 Rc4 39. Ke3 c6 
40. Nh2 Bf5 41. Nf3 c5 42. Ra2 Be4 43. dxc5 Rxc5 44. Rb2 Rxa5 45. Rxb7 Bxf3 
46. gxf3 d4+ 47. Kf4 Rxa4 1/2-1/2

[Event "Tuesday 23 January Rapid Engine Tour 12+1 Rounds 9 Starts 1600 ST"]
[Site "Infinity Chess"]
[Date "2018.1.23"]
[Round "9"]
[White "Katzenmaier"]
[Black "MarioDeMonti"]
[Result "1-0"]
[ECO "C55"]
[WhiteElo "2471"]
[BlackElo "2455"]
[WhiteEngine "CFish_x64_160118_NUMA_popcnt_720gcc"]
[BlackEngine "stockfish_x64_bmi2_2018_01_13_CTG"]
[EventType "Swiss"]
[WhiteTeam ""]
[BlackTeam ""]
[PlyCount "70"]
[TimeControl "720+1"]

1. e4 e5 2. Nf3 Nc6 3. Bc4 Nf6 4. d3 Bc5 5. c3 d6 6. O-O O-O 7. Bg5 h6 8. Bh4 a6 
9. a4 g5 10. Bg3 Ba7 11. Nbd2 Nh7 12. h3 h5 13. Kh1 Kh8 14. b4 g4 15. Nh4 Qg5 
16. b5 Ne7 17. d4 exd4 18. cxd4 Qh6 19. e5 d5 20. Bd3 Bxd4 21. Rc1 c6 
22. Nb3 Ba7 23. bxa6 bxa6 24. Rg1 Re8 25. Qc2 Nf8 26. f4 Rb8 27. Nc5 Ne6 
28. Nxe6 fxe6 29. Bf2 d4 30. Nf3 Nd5 31. Bh4 Nb4 32. Qd2 Nxd3 33. Qxd3 Qh7 
34. f5 Rf8 35. Nxd4 Bd7 1-0

[Event "Tuesday 23 January Rapid Engine Tour 12+1 Rounds 9 Starts 1600 ST"]
[Site "Infinity Chess"]
[Date "2018.1.23"]
[Round "9"]
[White "Wolle"]
[Black "star99"]
[Result "1/2-1/2"]
[ECO "B90"]
[WhiteElo "2471"]
[BlackElo "2417"]
[WhiteEngine "Raubfisch X37a2_CTG"]
[BlackEngine "Cryptic AIL V2"]
[EventType "Swiss"]
[WhiteTeam ""]
[BlackTeam ""]
[PlyCount "235"]
[TimeControl "720+1"]

1. e4 c5 2. Nf3 d6 3. d4 cxd4 4. Nxd4 Nf6 5. Nc3 a6 6. Be3 e5 7. Nb3 Be7 
8. f3 Be6 9. Qd2 O-O 10. O-O-O Nbd7 11. g4 Qc7 12. Kb1 b5 13. g5 Nh5 
14. Nd5 Bxd5 15. exd5 Nb6 16. Na5 Nxd5 17. Qxd5 Qxa5 18. Bd3 g6 19. Qb7 Qd8 
20. Rhg1 d5 21. Be4 d4 22. c3 Bc5 23. Qxa8 Qxa8 24. Bxa8 dxe3 25. Rd5 Bb6 
26. Bb7 Nf4 27. Rxe5 Nd3 28. Re7 Rd8 29. Bxa6 Bc5 30. Re4 e2 31. Rh1 Nf2 
32. Rxe2 Nxh1 33. Bxb5 Nf2 34. b4 Ba7 35. h4 Nh3 36. Kc2 Kf8 37. Re1 Bf2 
38. Rf1 Ke7 39. a4 Bg3 40. a5 Kd6 41. Bc4 Rd7 42. Bb5 Rd8 43. f4 Nxf4 
44. Rf3 Bh2 45. Rf2 Bg3 46. Rf3 Bh2 47. Kb3 Kc7 48. Bc4 Rd1 49. Bxf7 Re1 
50. Bc4 Kc6 51. Rf2 Bg3 52. Rf3 Bh2 53. Bg8 Re7 54. Kb2 Kc7 55. Ka3 Re5 
56. Ka4 Re8 57. Bf7 Re7 58. Bc4 Re4 59. Bf1 Re1 60. Bc4 Re4 61. Bb5 Kb7 
62. Kb3 Kc7 63. Ka4 Re1 64. Ba6 Ra1+ 65. Kb3 Rb1+ 66. Ka3 Ra1+ 67. Kb2 Re1 
68. Kb3 Kb8 69. Bc4 Kb7 70. Ka3 Kc6 71. Bf7 Re4 72. Ka4 Kc7 73. Bg8 Re8 
74. Bb3 Kc6 75. Bf7 Re4 76. Ba2 Re1 77. Bg8 Re7 78. Bb3 Re8 79. Bc4 Re1 
80. Bg8 Re7 81. Bc4 Re4 82. Bb5+ Kb7 83. Ka3 Kc7 84. Kb3 Re7 85. Bf1 Re1 
86. Ka4 Kc6 87. Bb5+ Kb7 88. Ka3 Ra1+ 89. Kb2 Re1 90. Kb3 Kc7 91. Ka3 Re7 
92. Kb3 Re1 93. Bf1 Kc6 94. Bc4 Rb1+ 95. Ka3 Ra1+ 96. Ba2 Kb5 97. c4+ Ka6 
98. Rf2 Bg3 99. Rd2 Kb7 100. Rd7+ Kb8 101. Kb2 Re1 102. a6 Re2+ 103. Kb3 Bxh4 
104. Rb7+ Ka8 105. c5 Bxg5 106. c6 Ne6 107. c7 Nxc7 108. Rxc7 Bf4 109. Rc6 Ka7 
110. b5 g5 111. Rh6 Re7 112. Kb4 g4 113. b6+ Kxa6 114. Bc4+ Kb7 115. Bd5+ Ka6 
116. Bc4+ Kb7 117. Bd5+ Ka6 118. Bc4+ 1/2-1/2

[Event "Tuesday 23 January Rapid Engine Tour 12+1 Rounds 9 Starts 1600 ST"]
[Site "Infinity Chess"]
[Date "2018.1.23"]
[Round "9"]
[White "Dinkelberger"]
[Black "angriff"]
[Result "1/2-1/2"]
[ECO "B00"]
[WhiteElo "2390"]
[BlackElo "2434"]
[WhiteEngine "stockfish_18011309_x64_modern_CTG"]
[BlackEngine "Raubfisch ME262_GTZ16b2_CTG"]
[EventType "Swiss"]
[WhiteTeam ""]
[BlackTeam ""]
[PlyCount "195"]
[TimeControl "720+1"]

1. e4 Nc6 2. d4 d5 3. e5 Bf5 4. Nf3 e6 5. Nbd2 Nb4 6. Bb5+ c6 7. Ba4 Qa5 
8. Bb3 c5 9. O-O c4 10. c3 cxb3 11. Nxb3 Qb5 12. cxb4 Bxb4 13. a3 Bf8 
14. Nc5 Bg4 15. a4 Qb4 16. Nb3 Ne7 17. Bd2 Qc4 18. Rc1 Qxa4 19. Rc7 Rb8 
20. h3 Bh5 21. g4 Bg6 22. Nc5 Qb5 23. Qc1 h6 24. Nh4 Be4 25. Ba5 Qxa5 
26. Nxb7 Qb6 27. Nd6+ Kd8 28. Nxf7+ Ke8 29. Nxh8 g5 30. N8g6 Bxg6 31. Nxg6 Nxg6 
32. Rc6 Qb4 33. Rxe6+ Kf7 34. Rf6+ Kg7 35. Qb1 Ne7 36. Rd1 a5 37. h4 Qxb2 
38. Qxb2 Rxb2 39. Ra1 Ng8 40. hxg5 Nxf6 41. gxf6+ Kf7 42. Rxa5 Rd2 43. f4 Rxd4 
44. f5 Re4 45. Rxd5 Rxg4+ 46. Kh2 Rf4 47. Rd7+ Ke8 48. e6 Rxf5 49. f7+ Rxf7 
50. Rxf7 Be7 51. Kg3 Ba3 52. Kh4 Bc1 53. Kg4 Be3 54. Kh3 Bd2 55. Rb7 Bc1 
56. Rg7 Bd2 57. Ra7 Bf4 58. Rd7 Bc1 59. Kg4 Be3 60. Rf7 Bc5 61. Rf6 Be3 
62. Rf7 Bc1 63. Rd7 Bg5 64. Rg7 Bc1 65. Rg8+ Ke7 66. Kf5 Bd2 67. Rg2 Bg5 
68. Rh2 Bc1 69. Ke5 Bg5 70. Rh1 Be3 71. Rb1 Bg5 72. Rb7+ Ke8 73. Rb8+ Ke7 
74. Kf5 Bd2 75. Rb6 Bg5 76. Rc6 Be3 77. Rc7+ Ke8 78. Rg7 Bc1 79. Rg2 Bg5 
80. Ra2 Ke7 81. Ra1 Bh4 82. Ra6 Bg5 83. Ra3 Bd2 84. Ra7+ Ke8 85. Ra3 Bg5 
86. Ra2 Ke7 87. Ra7+ Kf8 88. Ke5 Ke8 89. Ra8+ Ke7 90. Kd5 Bf4 91. Ra3 Bg5 
92. Ra7+ Ke8 93. Ra3 Kd8 94. Rf3 Ke8 95. Rd3 Ke7 96. Rd1 Be3 97. Rb1 Bg5 98. Re1 
1/2-1/2

[Event "Tuesday 23 January Rapid Engine Tour 12+1 Rounds 9 Starts 1600 ST"]
[Site "Infinity Chess"]
[Date "2018.1.23"]
[Round "9"]
[White "Thinker"]
[Black "ivrdurant"]
[Result "1/2-1/2"]
[ECO "C50"]
[WhiteElo "2423"]
[BlackElo "2391"]
[WhiteEngine "BrainFish_180113_x64_modern_CTG"]
[BlackEngine "Raubfisch X37b3._CTG"]
[EventType "Swiss"]
[WhiteTeam ""]
[BlackTeam ""]
[PlyCount "89"]
[TimeControl "720+1"]

1. e4 e5 2. Nf3 Nc6 3. Bc4 Bc5 4. O-O Nf6 5. d3 d6 6. c3 a5 7. h3 O-O 8. Nbd2 h6 
9. Re1 Be6 10. b3 Bb6 11. a4 d5 12. Bb5 Ne7 13. exd5 Nfxd5 14. Qc2 c6 
15. Bc4 Ng6 16. d4 Ndf4 17. dxe5 Nh4 18. Bf1 Bd5 19. Re4 Nfg6 20. Bc4 Re8 
21. g3 Nxf3+ 22. Nxf3 Qd7 23. Bxd5 cxd5 24. Rg4 Qc6 25. Nd4 Bxd4 26. Rxd4 Nxe5 
27. Kg2 b5 28. axb5 Qxb5 29. Qd1 Qb7 30. Rxd5 a4 31. f3 axb3 32. Rxa8 Rxa8 
33. Rxe5 b2 34. Bxb2 Qxb2+ 35. Qe2 Qxc3 36. h4 g6 37. h5 gxh5 38. Rxh5 Qa1 
39. Rh1 Qa2 40. Qxa2 Rxa2+ 41. Kh3 h5 42. g4 hxg4+ 43. Kxg4 Ra4+ 44. Kg5 Ra6 
45. f4 1/2-1/2

[Event "Tuesday 23 January Rapid Engine Tour 12+1 Rounds 9 Starts 1600 ST"]
[Site "Infinity Chess"]
[Date "2018.1.23"]
[Round "9"]
[White "KhalidOmar"]
[Black "Dovahkiin"]
[Result "1/2-1/2"]
[ECO "C11"]
[WhiteElo "2473"]
[BlackElo "2426"]
[WhiteEngine "Eman 1.67 64-bit BMI2"]
[BlackEngine "BrainFish_180113_x64_modern_CTG"]
[EventType "Swiss"]
[WhiteTeam ""]
[BlackTeam ""]
[PlyCount "113"]
[TimeControl "720+1"]

1. e4 e6 2. d4 d5 3. Nc3 Nf6 4. e5 Nfd7 5. f4 c5 6. Nf3 Nc6 7. Be3 cxd4 
8. Nxd4 Qb6 9. Qd2 Qxb2 10. Rb1 Qa3 11. Bb5 Nxd4 12. Bxd4 a6 13. Bxd7+ Bxd7 
14. Rb3 Qe7 15. Rxb7 Rc8 16. O-O Qd8 17. Qe3 Rc4 18. Rfb1 Be7 19. f5 Bg5 
20. Qd3 O-O 21. Ne4 Bc8 22. Bb6 Be3+ 23. Qxe3 Qh4 24. Nf6+ gxf6 25. Rc7 exf5 
26. Rxc4 dxc4 27. exf6 Kh8 28. Bc7 Rg8 29. Bg3 Qg4 30. Qf4 c3 31. a3 Be6 
32. Re1 Rd8 33. Qe3 Bd5 34. Qe8+ Rxe8 35. Rxe8+ Qg8 36. Rxg8+ Kxg8 37. Be5 Be4 
38. Bxc3 Bxc2 39. Kf2 h5 40. Ke3 Kh7 41. g3 Kg6 42. Kf4 Be4 43. h3 Bc2 
44. h4 Be4 45. a4 a5 46. Bxa5 Bc6 47. Bb4 Bxa4 48. Ke5 Bd1 49. Bf8 Bb3 
50. Bd6 Bc2 51. Be7 Be4 52. Kd4 Bc2 53. Ke3 Bb3 54. Kf4 Bc2 55. Ke3 Bb3 
56. Kf4 Bc2 57. Ke3 1/2-1/2

[Event "Tuesday 23 January Rapid Engine Tour 12+1 Rounds 9 Starts 1600 ST"]
[Site "Infinity Chess"]
[Date "2018.1.23"]
[Round "9"]
[White "Gilgamesch"]
[Black "Marsell"]
[Result "1/2-1/2"]
[ECO "C55"]
[WhiteElo "2476"]
[BlackElo "2489"]
[WhiteEngine "BrainFish_171005_x64_bmi2"]
[BlackEngine "asmFishW_2018-01-11_popcnt"]
[EventType "Swiss"]
[WhiteTeam ""]
[BlackTeam ""]
[PlyCount "107"]
[TimeControl "720+1"]

1. e4 e5 2. Nf3 Nc6 3. Bc4 Nf6 4. d3 Bc5 5. O-O d6 6. c3 O-O 7. Bg5 h6 8. Bh4 a6 
9. a4 g5 10. Bg3 Ba7 11. Nbd2 Nh7 12. h3 h5 13. Kh1 Kh8 14. b4 h4 15. Bh2 g4 
16. hxg4 Bxg4 17. b5 Na5 18. Ba2 Ng5 19. Qe1 h3 20. Nxg5 Qxg5 21. g3 Bh5 
22. f4 Qg4 23. fxe5 dxe5 24. Rf5 axb5 25. axb5 Kg7 26. Bg1 Bxg1 27. Qxg1 Qe2 
28. Raf1 Bg6 29. Qf2 Qxf2 30. R5xf2 c6 31. b6 Rfd8 32. Bxf7 Rxd3 33. Bxg6 Kxg6 
34. Kh2 Kh6 35. Ra1 Rxc3 36. Ra2 Kg7 37. Rf5 Rd8 38. Rxa5 Rxd2+ 39. Kxh3 Rdd3 
40. Rg5+ Kf7 41. Raxe5 Rf3 42. Kh4 Rb3 43. Rgf5+ Rxf5 44. Rxf5+ Ke6 45. g4 Rxb6 
46. Kg3 Rb1 47. Kf4 Rb4 48. Kg5 Rxe4 49. Rf8 c5 50. Rb8 Kd5 51. Rxb7 c4 
52. Rb5+ Kc6 53. Rb8 Rd4 54. Kf5 1/2-1/2

[Event "Tuesday 23 January Rapid Engine Tour 12+1 Rounds 9 Starts 1600 ST"]
[Site "Infinity Chess"]
[Date "2018.1.23"]
[Round "9"]
[White "RonWeasley"]
[Black "Longin"]
[Result "1/2-1/2 "]
[ECO "C53"]
[WhiteElo "2503"]
[BlackElo "2452"]
[WhiteEngine "BrainFish 130117_CTG"]
[BlackEngine "S_XPrO.251117.x64.POPCNT_CTG"]
[EventType "Swiss"]
[WhiteTeam ""]
[BlackTeam ""]
[PlyCount "57"]
[TimeControl "720+1"]

1. e4 e5 2. Nf3 Nc6 3. Bc4 Bc5 4. c3 Nf6 5. d3 d6 6. Bb3 a6 7. Nbd2 O-O 
8. O-O Ba7 9. Re1 Nh5 10. Nf1 Qf6 11. Bg5 Qg6 12. Qd2 h6 13. Be3 Bxe3 
14. Nxe3 Nf4 15. g3 Ne7 16. Kh1 Nh3 17. Ng1 Qf6 18. Kg2 Nxg1 19. Kxg1 Be6 
20. d4 exd4 21. cxd4 Bxb3 22. axb3 Rac8 23. d5 Rfe8 24. Rac1 c6 25. dxc6 bxc6 
26. Nc4 Red8 27. Qc3 Qg5 28. e5 dxe5 29. h4 1/2-1/2

[Event "Tuesday 23 January Rapid Engine Tour 12+1 Rounds 9 Starts 1600 ST"]
[Site "Infinity Chess"]
[Date "2018.1.23"]
[Round "9"]
[White "Prometheus"]
[Black "hafaba"]
[Result "1/2-1/2 "]
[ECO "A41"]
[WhiteElo "2472"]
[BlackElo "2441"]
[WhiteEngine "Eman 1.58-64bit-IDeA"]
[BlackEngine "Stockfish SL FA POPCNT_CTG"]
[EventType "Swiss"]
[WhiteTeam ""]
[BlackTeam ""]
[PlyCount "201"]
[TimeControl "720+1"]

1. d4 d6 2. e4 Nf6 3. Bd3 e5 4. d5 Nbd7 5. c4 Nc5 6. Nc3 Nxd3+ 7. Qxd3 Be7 
8. Nge2 a5 9. Be3 Nd7 10. Qd2 b6 11. Ng3 Nc5 12. O-O O-O 13. f4 exf4 
14. Bxf4 Bd7 15. Rae1 Re8 16. b3 Bf6 17. h3 Be5 18. Re3 Qh4 19. Nce2 f6 
20. Qe1 Bb2 21. Qd2 Be5 22. a3 a4 23. b4 Nb3 24. Qd3 g6 25. Bxe5 fxe5 
26. Ref3 Rf8 27. Qe3 Rxf3 28. Qxf3 Qe7 29. Qe3 Rf8 30. Rxf8+ Qxf8 31. Nf1 Qf6 
32. Nh2 g5 33. g4 Kf7 34. Nf3 Ke7 35. Kg2 h6 36. Kg3 Be8 37. Kf2 Bg6 38. Kg2 Kd8 
39. Kf2 Nd4 40. Nexd4 exd4 41. Qxd4 Qxd4+ 42. Nxd4 Bxe4 43. Nf3 b5 44. Nd2 Bd3 
45. cxb5 Bxb5 46. Nb1 Ke7 47. Nc3 Bc4 48. Nxa4 Kf6 49. Nc3 Ke5 50. Ke3 Bf1 
51. Kf3 Kd4 52. Ne4 Kxd5 53. Nf6+ Kc4 54. Ne8 d5 55. Nxc7 d4 56. b5 d3 
57. Ke3 Kc5 58. a4 Bxh3 59. Kxd3 Bxg4 60. a5 Bc8 61. a6 Kb6 62. Nd5+ Kxb5 
63. a7 Bb7 64. a8=Q Bxa8 65. Ne3 h5 66. Kd4 g4 67. Nf5 Bb7 68. Ke3 Kc5 
69. Kf4 Bc8 70. Nh4 Kd5 71. Kg5 Kd4 72. Ng2 Ke4 73. Nh4 Be6 74. Kxh5 g3 
75. Kg5 Bh3 76. Ng2 Kf3 77. Nf4 Bc8 78. Ng6 Bb7 79. Nh4+ Kf2 80. Kg4 Bd5 
81. Kf5 Bc6 82. Kf4 Bd5 83. Kg5 Be4 84. Kf4 Bd3 85. Kg5 Bb5 86. Kf5 Bc6 
87. Kf6 Bd5 88. Ke5 Bb7 89. Kf4 Bc8 90. Kg5 Be6 91. Kf4 Bd5 92. Kg4 Bc6 
93. Kg5 Bb7 94. Kf4 Bc8 95. Kg5 Kg1 96. Ng6 Kg2 97. Nf4+ Kf2 98. Nd3+ Kf3 
99. Ne1+ Kf2 100. Nd3+ Ke3 101. Nf4 1/2-1/2